[Event "SixDays Budapest March IM B 2025"]
[Site "Budapest"]
[Date "2025.03.27"]
[Round "6.4"]
[White "Banerjee, Supratit"]
[Black "Horvath, David"]
[Result "0-1"]
[Annotator "TA"]
[ECO "B12"]
[WhiteElo "2250"]
[BlackElo "2279"]
[PlyCount "78"]
[EventDate "2025.03.23"]
[EventType "tourn"]
[EventCountry "HUN"]
[SourceTitle "playchess.com"]
[Source "ChessBase"]
[SourceQuality "1"]
[TimeControl "5400+30"]

1. e4 c6 2. d4 d5 3. e5 c5 4. Nf3 cxd4 5. Nxd4 Nc6 6. Nxc6 {[%emt 0:00:45] B12: Caro-Kann: Advance Variation.} bxc6 7. Bd3 e6 8. O-O {[%emt 0:00:28] The position is equal.} Ne7 9. Re1 a5 10. c3 Ba6 11. Bc2 Ng6 12. Nd2 Qb6 13. Nf3 Bc5 14. Nd4 O-O 15. Re3 $146 (15. h4 f6 16. exf6 Rxf6 17. Bg5 Rxf2 18. Kxf2 e5 19. Be3 exd4 20. Bxd4 Rf8+ 21. Kg1 {½-½ Karjakin,S (2750)-Dreev,A (2606) Moscow Region Group Cup rapid 2023 (11)}) 15... f5 16. Rb1 (16. Nxe6 $1 $16 Bxe3 17. Bxe3 Qxb2 18. Rb1 Qxc3 19. Nxf8 Rxf8 20. Rb6) 16... Bxd4 $11 17. cxd4 c5 18. Rb3 Qa7 19. Rh3 cxd4 20. Qh5 Kf7 21. Bg5 {[%emt 0:01:48] [#] Black converts the advantage convincingly.} (21. Qxh7 $2 Rh8 $19 (21... Nxe5 $2 {perishes.} 22. Qh5+ Kg8 23. Bg5 $18)) (21. Rg3 $11 {remains equal.} Rh8 22. Ba4) 21... Qc7 $1 $17 22. Rc1 (22. Bd1 $142) 22... Qxe5 $19 {[%emt 0:02:49] White must now prevent ...Be2.} 23. Ba4 $2 (23. Qd1) 23... Rac8 {[%emt 0:00:30] ( -> ...Rxc1+)} 24. Ra1 Be2 25. Rf3 Bxf3 26. Qxf3 f4 27. h4 h6 28. h5 hxg5 29. hxg6+ Kxg6 30. Bb5 Kf6 31. Bd3 g6 32. Kf1 Qd6 33. Re1 e5 34. Bb1 e4 35. Qd1 d3 {[%emt 0:00:16] ( -> ...Rh8)} 36. Qa4 Qc5 {[%emt 0:00:52] Black mates.} 37. Rd1 Rh8 38. Kg1 {[%emt 0:00:08] [#]} Rh1+ $3 39. Kxh1 Qxf2 {[%emt 0:00:01] Weighted Error Value: White=0.59/Black=0.09 (flawless)   Mistake:       	White=4     	---        Inaccurate:     	White=2     	---        OK:         	White=7     	Black=9      Best:        	White=1     	Black=2      Strong:       	---       	Black=1} 0-1

[Event "SixDays Budapest March IM B 2025"]
[Site "Budapest"]
[Date "2025.03.27"]
[Round "6.5"]
[White "Shah, Vishwa"]
[Black "Vuelban, Virgilio"]
[Result "1/2-1/2"]
[Annotator "TA"]
[ECO "B23"]
[WhiteElo "2172"]
[BlackElo "2244"]
[PlyCount "35"]
[EventDate "2025.03.23"]
[EventType "tourn"]
[EventCountry "HUN"]
[SourceTitle "playchess.com"]
[Source "ChessBase"]
[SourceQuality "1"]
[TimeControl "5400+30"]

1. e4 c5 2. Nc3 g6 3. d4 cxd4 4. Qxd4 Nf6 5. Nf3 Nc6 6. Qa4 d6 7. e5 dxe5 8. Nxe5 Bd7 {[%emt 0:00:09] B27: Sicilian: 2 Nf3, unusual Black 2nd moves.} 9. Nxd7 Qxd7 10. Be3 Bg7 11. Be2 {[%emt 0:02:38] Wards off Ng4} Nd5 {[%emt 0:06:54] Black got outplayed after the opening.   Weighted Error Value: White=0.02 (flawless) /Black=0.09 (flawless)   Inaccurate:     	---       	Black=1      OK:         	White=1     	Black=1} 12. Nxd5 $146 Qxd5 13. O-O Qa5 14. Qxa5 Nxa5 15. c3 Be5 16. Rad1 Bd6 17. Rd5 Nc6 18. f4 {½-½ Riihimaki,P (1881)-Aalto,P (1887) Helsinki HSK op 2018 (1)} 1/2-1/2

[Event "SixDays Budapest March IM B 2025"]
[Site "Budapest"]
[Date "2025.03.28"]
[Round "7.1"]
[White "Vuelban, Virgilio"]
[Black "Chakrabarty, Reyaansh"]
[Result "0-1"]
[Annotator "RC"]
[ECO "B13"]
[WhiteElo "2244"]
[BlackElo "2181"]
[PlyCount "42"]
[EventDate "2025.03.23"]
[EventType "tourn"]
[EventCountry "HUN"]
[SourceTitle "playchess.com"]
[Source "ChessBase"]
[SourceQuality "1"]
[TimeControl "5400+30"]

1. e4 c6 2. d4 d5 3. exd5 cxd5 4. c4 Nf6 5. Nc3 Nc6 6. Nf3 Bg4 7. Be3 e6 8. c5 Be7 9. Bb5 O-O 10. O-O Nd7 11. Be2 Rc8 12. b4 Bf6 13. h3 Bxf3 14. Bxf3 Nxb4 15. Rb1 Nc6 16. Rxb7 Nxc5 17. dxc5 Bxc3 18. Qd3 Qf6 19. Bd1 d4 20. Bc1 Qg6 21. Qc4 Na5 0-1

[Event "SixDays Budapest March IM B 2025"]
[Site "Budapest"]
[Date "2025.03.28"]
[Round "7.2"]
[White "Horvath, David"]
[Black "Shah, Vishwa"]
[Result "1-0"]
[Annotator "RC"]
[ECO "A58"]
[WhiteElo "2279"]
[BlackElo "2172"]
[PlyCount "97"]
[EventDate "2025.03.23"]
[EventType "tourn"]
[EventCountry "HUN"]
[SourceTitle "playchess.com"]
[Source "ChessBase"]
[SourceQuality "1"]
[TimeControl "5400+30"]

1. d4 Nf6 2. c4 c5 3. d5 b5 4. cxb5 a6 5. bxa6 g6 6. Nc3 Bg7 7. e4 O-O 8. a4 e6 9. Nf3 exd5 10. e5 Ng4 11. Qxd5 Nc6 12. Bb5 Bxa6 13. Bxa6 Rxa6 14. Qc4 Nb4 15. Nd5 Nxe5 16. Nxe5 Re6 17. Nxb4 cxb4 18. O-O Bxe5 19. Qxb4 Qb8 20. Qxb8 Rxb8 21. Rd1 Bxb2 22. Rb1 Be5 23. Rxb8+ Bxb8 24. Be3 Ra6 25. Ra1 Be5 26. Ra2 Kf8 27. f4 Bc7 28. Kf2 Ke7 29. Ke2 Ke6 30. Kd3 Kd5 31. Bd2 Ba5 32. Bxa5 Rxa5 33. g3 f5 34. Ra1 h6 35. h4 h5 36. Ra2 Kc5 37. Kc3 d5 38. Kd3 Kb4 39. Kd4 Kb3 40. Re2 Rxa4+ 41. Kxd5 Kc3 42. Re6 Ra5+ 43. Kd6 Kd2 44. Ke7 Ra3 45. Rxg6 Ke2 46. Kf6 Kf3 47. Kxf5 Ra5+ 48. Kf6 Ke4 49. Kg7 1-0

[Event "SixDays Budapest March IM B 2025"]
[Site "Budapest"]
[Date "2025.03.28"]
[Round "7.3"]
[White "Kolimar, Kristof Pal"]
[Black "Banerjee, Supratit"]
[Result "1-0"]
[Annotator "RC"]
[ECO "E62"]
[WhiteElo "2284"]
[BlackElo "2250"]
[PlyCount "155"]
[EventDate "2025.03.23"]
[EventType "tourn"]
[EventCountry "HUN"]
[SourceTitle "playchess.com"]
[Source "ChessBase"]
[SourceQuality "1"]
[TimeControl "5400+30"]

1. d4 Nf6 2. c4 g6 3. g3 Bg7 4. Bg2 O-O 5. Nc3 d6 6. Nf3 Nc6 7. O-O e5 8. dxe5 dxe5 9. Bg5 h6 10. Qxd8 Rxd8 11. Bxf6 Bxf6 12. Nd5 Kg7 13. Nxc7 Rb8 14. e4 Be7 15. Nd5 Bc5 16. Rfd1 a5 17. Rd2 b6 18. Rad1 Bg4 19. h3 Be6 20. Ne1 a4 21. a3 Na5 22. Bf1 Nb3 23. Rc2 Nd4 24. Rcc1 Nb3 25. Rb1 Rbc8 26. Kg2 Na5 27. Rbc1 Nb3 28. Rc2 Nd4 29. Rc3 f5 30. f3 fxe4 31. fxe4 Rf8 32. Nd3 Nc6 33. Nxc5 bxc5 34. Nb6 Rc7 35. Nxa4 Nd4 36. Re3 Rcf7 37. Nxc5 Rf2+ 38. Kg1 Rxb2 39. Rxd4 Rxf1+ 40. Kxf1 Bxh3+ 41. Ke1 exd4 42. Rd3 Ra2 43. a4 Bg4 44. Rxd4 h5 45. Rd2 Ra3 46. Rd3 Ra2 47. Re3 Kf6 48. e5+ Ke7 49. e6 Rc2 50. Re4 Rc1+ 51. Kd2 Rg1 52. Re3 g5 53. Re5 h4 54. Rxg5 h3 55. Rxg4 h2 56. Rg7+ Kf6 57. Rh7 h1=Q 58. Rxh1 Rxh1 59. Kc3 Ke7 60. a5 Kd6 61. Kb4 Rh5 62. Nd3 Rh8 63. Nf4 Rb8+ 64. Kc3 Ra8 65. Kb4 Rb8+ 66. Ka4 Rb1 67. a6 Ra1+ 68. Kb5 Rb1+ 69. Ka5 Kc5 70. Nd3+ Kxc4 71. e7 Rb5+ 72. Ka4 Rb8 73. Ne5+ Kd5 74. Nd7 Rh8 75. e8=Q Rxe8 76. Nf6+ Kc6 77. Nxe8 Kb6 78. g4 1-0

[Event "SixDays Budapest March IM B 2025"]
[Site "Budapest"]
[Date "2025.03.28"]
[Round "7.4"]
[White "Pavan Karthikeya Varma Gunturi"]
[Black "Suder, Jakub"]
[Result "1/2-1/2"]
[Annotator "RC"]
[ECO "B28"]
[WhiteElo "2015"]
[BlackElo "2347"]
[PlyCount "64"]
[EventDate "2025.03.23"]
[EventType "tourn"]
[EventCountry "HUN"]
[SourceTitle "playchess.com"]
[Source "ChessBase"]
[SourceQuality "1"]
[TimeControl "5400+30"]

1. e4 c5 2. Nf3 a6 3. c4 e6 4. Nc3 Qc7 5. g3 b6 6. Bg2 Bb7 7. O-O d6 8. Re1 Nd7 9. b3 Ne5 10. d4 Nxf3+ 11. Bxf3 Ne7 12. dxc5 bxc5 13. Bb2 Nc6 14. Ne2 e5 15. Nc3 Nd4 16. Nd5 Bxd5 17. cxd5 Nxf3+ 18. Qxf3 Be7 19. Qc3 O-O 20. f4 Bf6 21. f5 Rab8 22. Qc4 Rb5 23. Bc3 Qa7 24. Bd2 Rfb8 25. Rab1 Qb7 26. Rb2 h6 27. Reb1 Bg5 28. a4 Bxd2 29. axb5 Be3+ 30. Kg2 axb5 31. Qe2 Bd4 32. Ra2 Ra8 1/2-1/2

[Event "SixDays Budapest March IM B 2025"]
[Site "Budapest"]
[Date "2025.03.28"]
[Round "7.5"]
[White "Katsanis, Vasileios Dim"]
[Black "Savanovic, Aleksandar"]
[Result "1-0"]
[Annotator "RC"]
[ECO "E25"]
[WhiteElo "2253"]
[BlackElo "2355"]
[PlyCount "37"]
[EventDate "2025.03.23"]
[EventType "tourn"]
[EventCountry "HUN"]
[SourceTitle "playchess.com"]
[Source "ChessBase"]
[SourceQuality "1"]
[TimeControl "5400+30"]

1. d4 Nf6 2. c4 e6 3. Nc3 Bb4 4. f3 d5 5. a3 Bxc3+ 6. bxc3 c5 7. cxd5 Nxd5 8. dxc5 Qa5 9. e4 Nf6 10. Be3 O-O 11. Qb3 Qc7 12. Bb5 Nfd7 13. Qb4 Nc6 14. Bxc6 Qxc6 15. Ne2 a5 16. Qd4 a4 17. Rd1 Ra5 18. Qb4 Rb5 19. Nd4 1-0

[Event "SixDays Budapest March IM B 2025"]
[Site "Budapest"]
[Date "2025.03.28"]
[Round "8.1"]
[White "Chakrabarty, Reyaansh"]
[Black "Savanovic, Aleksandar"]
[Result "0-1"]
[Annotator "RC"]
[ECO "C50"]
[WhiteElo "2181"]
[BlackElo "2355"]
[PlyCount "122"]
[EventDate "2025.03.23"]
[EventType "tourn"]
[EventCountry "HUN"]
[SourceTitle "playchess.com"]
[Source "ChessBase"]
[SourceQuality "1"]
[TimeControl "5400+30"]

1. e4 e5 2. Nf3 Nc6 3. Bc4 Nf6 4. d3 Bc5 5. O-O d6 6. c3 O-O 7. h3 a6 8. Re1 Ba7 9. a4 h6 10. Nbd2 Re8 11. Nf1 Be6 12. Bxe6 Rxe6 13. b4 d5 14. Bb2 dxe4 15. dxe4 Qe8 16. Qe2 a5 17. b5 Nb8 18. Nh4 Nbd7 19. Nf5 Bc5 20. Nd2 Bf8 21. Ne3 c6 22. bxc6 bxc6 23. Ba3 Bxa3 24. Rxa3 Qf8 25. Raa1 Nc5 26. Nec4 Qe7 27. Qf3 Rd8 28. Nf1 Qa7 29. Ng3 Qa6 30. Ne3 Nb3 31. Ra2 Nd2 32. Qd1 Red6 33. Nef5 R6d7 34. Qe2 Qxe2 35. Rxe2 Nc4 36. Ne3 Nxe3 37. Rxe3 Rd1+ 38. Kh2 g6 39. Rf3 Kg7 40. Rb2 Ra1 41. Rb6 Rd6 42. c4 Rxa4 43. c5 Re6 44. Rd3 Nxe4 45. Nxe4 Rxe4 46. Rd6 Rxd6 47. cxd6 Rc4 48. Ra6 a4 49. d7 Rd4 50. Rxc6 Rxd7 51. Ra6 Rd4 52. Kg3 h5 53. Kf3 h4 54. Ke3 g5 55. Ra5 f6 56. Ra7+ Kg6 57. g4 hxg3 58. fxg3 Rb4 59. Kf2 Kf5 60. Ra6 Rb2+ 61. Ke3 Rb3+ 0-1

[Event "SixDays Budapest March IM B 2025"]
[Site "Budapest"]
[Date "2025.03.28"]
[Round "8.2"]
[White "Suder, Jakub"]
[Black "Katsanis, Vasileios Dim"]
[Result "1-0"]
[Annotator "RC"]
[ECO "D31"]
[WhiteElo "2347"]
[BlackElo "2253"]
[PlyCount "117"]
[EventDate "2025.03.23"]
[EventType "tourn"]
[EventCountry "HUN"]
[SourceTitle "playchess.com"]
[Source "ChessBase"]
[SourceQuality "1"]
[TimeControl "5400+30"]

1. d4 d5 2. c4 e6 3. Nc3 a6 4. cxd5 exd5 5. g3 c6 6. Bg2 Bd6 7. Nh3 Nf6 8. O-O O-O 9. Nf4 Re8 10. Kh1 b5 11. f3 b4 12. Na4 Nbd7 13. Qc2 Bb7 14. e4 Bxf4 15. Bxf4 dxe4 16. fxe4 c5 17. e5 Bxg2+ 18. Qxg2 Nh5 19. Nxc5 Nxc5 20. dxc5 Rc8 21. Rad1 Qe7 22. Bd2 Qxe5 23. Bxb4 Nf6 24. Bc3 Qxc5 25. Bxf6 gxf6 26. Rxf6 Qc2 27. Rdf1 Qxg2+ 28. Kxg2 Rc2+ 29. R1f2 Rxf2+ 30. Kxf2 a5 31. b3 a4 32. bxa4 Rb8 33. Ke3 Rb2 34. Rf2 Rb4 35. a5 Ra4 36. Kd3 Rxa5 37. Kc4 Ra8 38. Kb3 Rb8+ 39. Kc2 Ra8 40. Kb1 Kg7 41. Rf4 Re8 42. Rh4 f5 43. a4 Ra8 44. Kc2 Kg6 45. Kc3 h5 46. Kb4 Rb8+ 47. Kc5 Rc8+ 48. Kb5 Rb8+ 49. Kc6 Rc8+ 50. Kb7 Rc5 51. Kb6 Re5 52. a5 Re6+ 53. Kc7 Re7+ 54. Kd6 Re2 55. Ra4 Rxh2 56. a6 Rd2+ 57. Ke5 Rd8 58. a7 Ra8 59. Kf4 1-0

[Event "SixDays Budapest March IM B 2025"]
[Site "Budapest"]
[Date "2025.03.28"]
[Round "8.3"]
[White "Banerjee, Supratit"]
[Black "Pavan Karthikeya Varma Gunturi"]
[Result "1/2-1/2"]
[Annotator "NA RC"]
[ECO "B47"]
[WhiteElo "2250"]
[BlackElo "2015"]
[PlyCount "39"]
[EventDate "2025.03.23"]
[EventType "tourn"]
[EventCountry "HUN"]
[SourceTitle "playchess.com"]
[Source "ChessBase"]
[SourceQuality "1"]
[TimeControl "5400+30"]

1. e4 c5 2. Nf3 e6 3. d4 cxd4 4. Nxd4 Nc6 5. Nc3 Qc7 6. Ncb5 Qb8 7. Bd3 a6 8. Nxc6 bxc6 9. Nd4 Nf6 10. O-O Bb7 11. Re1 c5 12. Nf3 c4 13. Bxc4 Bxe4 14. Nd2 Bb7 15. b3 Bc5 16. Nf1 Qc7 17. Be3 Qc6 18. f3 d5 19. Bd3 O-O 20. Qd2 1/2-1/2

[Event "SixDays Budapest March IM B 2025"]
[Site "Budapest"]
[Date "2025.03.29"]
[Round "9.2"]
[White "Kolimar, Kristof Pal"]
[Black "Vuelban, Virgilio"]
[Result "1-0"]
[Annotator "RC"]
[ECO "A41"]
[WhiteElo "2284"]
[BlackElo "2244"]
[PlyCount "131"]
[EventDate "2025.03.23"]
[EventType "tourn"]
[EventCountry "HUN"]
[SourceTitle "playchess.com"]
[Source "ChessBase"]
[SourceQuality "1"]
[TimeControl "5400+30"]

1. d4 d6 2. Nf3 g6 3. g3 b6 4. Bg2 Bb7 5. d5 Nf6 6. c4 c6 7. Nc3 Bg7 8. O-O O-O 9. Bf4 c5 10. Qd2 a6 11. a4 Nbd7 12. Bh6 Rb8 13. Bxg7 Kxg7 14. e4 Qc7 15. Rad1 Rbd8 16. Ne1 Rfe8 17. Nd3 e6 18. f4 exd5 19. exd5 Re7 20. Bf3 Rde8 21. Rde1 Nf8 22. g4 Rxe1 23. Nxe1 Bc8 24. g5 Ng8 25. Ne4 f5 26. Qc3+ Kf7 27. Nf2 Bd7 28. b3 Qd8 29. Nc2 a5 30. h4 Bc8 31. h5 gxh5 32. Bxh5+ Ng6 33. Qh8 Re7 34. Qxh7+ Kf8 35. Qxg6 Rg7 36. Qe8+ Qxe8 37. Bxe8 Kxe8 38. Kg2 Rh7 39. Na3 Bd7 40. Nb5 Bxb5 41. axb5 Ne7 42. Re1 Rg7 43. Nh1 Kd7 44. Ng3 Ng6 45. Kf3 Nh4+ 46. Kf2 Ng6 47. Nxf5 Rf7 48. Re6 Rxf5 49. Rxg6 Rxf4+ 50. Ke3 Rg4 51. Kf3 Rd4 52. Re6 a4 53. bxa4 Rxc4 54. Re4 Rc1 55. g6 Rf1+ 56. Kg2 Rf8 57. g7 Rg8 58. Rg4 Ke7 59. Kf3 Kf7 60. Kf4 c4 61. Ke4 Re8+ 62. Kd4 Kg8 63. Kxc4 Re1 64. Rg6 Rc1+ 65. Kb3 Rb1+ 66. Ka2 1-0

[Event "SixDays Budapest March IM B 2025"]
[Site "Budapest"]
[Date "2025.03.29"]
[Round "9.3"]
[White "Pavan Karthikeya Varma Gunturi"]
[Black "Shah, Vishwa"]
[Result "1/2-1/2"]
[Annotator "NA RC"]
[ECO "B53"]
[WhiteElo "2015"]
[BlackElo "2172"]
[PlyCount "53"]
[EventDate "2025.03.23"]
[EventType "tourn"]
[EventCountry "HUN"]
[SourceTitle "playchess.com"]
[Source "ChessBase"]
[SourceQuality "1"]
[TimeControl "5400+30"]

1. e4 c5 2. Nf3 d6 3. d4 cxd4 4. Qxd4 Nc6 5. Qe3 g6 6. Be2 Bg7 7. O-O Nf6 8. h3 O-O 9. c4 Nd7 10. Nc3 Qb6 11. Qd2 Nc5 12. Nd5 Qd8 13. Qc2 e6 14. Nc3 Bxc3 15. bxc3 Qe7 16. Nd4 e5 17. Nxc6 bxc6 18. f4 exf4 19. Rxf4 f5 20. Be3 Nxe4 21. Re1 Be6 22. Bd3 Nf6 23. c5 d5 24. Bd4 Rae8 25. Ref1 Nd7 26. Qf2 Rf7 27. Re1 1/2-1/2

[Event "SixDays Budapest March IM B 2025"]
[Site "Budapest"]
[Date "2025.03.29"]
[Round "9.4"]
[White "Katsanis, Vasileios Dim"]
[Black "Banerjee, Supratit"]
[Result "1/2-1/2"]
[Annotator "NA RC"]
[ECO "E77"]
[WhiteElo "2253"]
[BlackElo "2250"]
[PlyCount "59"]
[EventDate "2025.03.23"]
[EventType "tourn"]
[EventCountry "HUN"]
[SourceTitle "playchess.com"]
[Source "ChessBase"]
[SourceQuality "1"]
[TimeControl "5400+30"]

1. d4 Nf6 2. c4 g6 3. Nc3 Bg7 4. e4 d6 5. f4 c5 6. d5 O-O 7. Nf3 e6 8. dxe6 fxe6 9. Bd3 Nc6 10. O-O b6 11. Ng5 Qe7 12. Bd2 Bb7 13. f5 Ne5 14. Qc2 Bc8 15. fxg6 hxg6 16. Be2 Bb7 17. Nh3 Nh7 18. Be3 Rxf1+ 19. Rxf1 Rf8 20. Rxf8+ Qxf8 21. Qd2 a6 22. Bf4 Qe7 23. Nf2 Bc6 24. a3 Nf7 25. Be3 Nf6 26. Bd1 d5 27. cxd5 exd5 28. exd5 Nxd5 29. Nxd5 Bxd5 30. Nd3 1/2-1/2